 Dungeon Crawl Stone Soup version 0.21.1-1-g345015fe64 (webtiles) character file.

49 Hercules1031 the Magician (level 3, -7/19 HPs)
             Began as a Deep Elf Fire Elementalist on June 9, 2018.
             Killed from afar by a kobold (24 damage)
             ... with an exploding inner flame
             ... hexed by the player character
             ... on level 2 of the Dungeon.
             The game lasted 00:11:09 (1277 turns).

Hercules1031 the Magician (DEFE)                    Turns: 1277, Time: 00:11:10

Health: -7/19      AC:  2    Str:  5    XL:     3   Next: 51%
Magic:  1/10       EV: 13    Int: 20    God:
Gold:   45         SH:  0    Dex: 15    Spells: 1/10 levels left

rFire    . . .     SeeInvis .   i - +1 hand axe
rCold    . . .     Gourm    .   (no shield)
rNeg     . . .     Faith    .   a - +0 robe
rPois    +         Spirit   .   (no helmet)
rElec    .         Reflect  .   (no cloak)
rCorr    .         Harm     .   (no gloves)
MR       .....                  (no boots)
Stlth    ++........             (no amulet)
HPRegen  0.06/turn              g - ring of poison resistance
MPRegen  0.12/turn              (no ring)

@: no status effects
A: no striking features
a: no special abilities


You were on level 2 of the Dungeon.
You were not hungry.

You visited 1 branch of the dungeon, and saw 2 of its levels.

You collected 45 gold pieces.

Inventory:

Hand Weapons
 i - a +1 hand axe (weapon)
Armour
 a - a +0 robe (worn)
 d - a +0 leather armour
Jewellery
 g - a ring of poison resistance (left hand)
Scrolls
 j - a scroll of remove curse {unknown}
 l - a scroll of identify
Potions
 e - a potion of ambrosia {unknown}
 f - a potion of berserk rage {unknown}
 h - a potion of lignification {unknown}
 k - a potion of degeneration {unknown}
Books
 b - a book of Flames

   Spells                             Type                      Level
   a - Flame Tongue                   Conjuration/Fire             1
   b - Throw Flame                    Conjuration/Fire             2
   c - Conjure Flame                  Conjuration/Fire             3
   d - Inner Flame                    Hexes/Fire                   3
   e - Sticky Flame                   Conjuration/Fire             4
   f - Fireball                       Conjuration/Fire             5


   Skills:
 + Level 3.0 Dodging
 + Level 2.4 Stealth
 * Level 4.1 Spellcasting
 * Level 2.0 Conjurations
 * Level 3.7 Fire Magic


You had one spell level left.
You knew the following spells:

 Your Spells              Type           Power        Failure   Level  Hunger
a - Flame Tongue          Conj/Fire      ###..        3%          1    None
b - Throw Flame           Conj/Fire      ###...       6%          2    #......
c - Conjure Flame         Conj/Fire      ###.....     12%         3    ###....
d - Inner Flame           Hex/Fire       ##......     19%         3    ###....


Dungeon Overview and Level Annotations

Branches:
Dungeon (2/15)

Altars:
Dithmenos


Message History

Confirm with . or Enter, or press ? or * to list all spells.
Aiming: Conjure Flame
Press: ? - help, Dir - move target cursor, p - kobold The fire ignites!
The kobold throws a stone.
The stone barely misses you.
The kobold throws a stone.
The stone hits you.
You see here a stone.
Found 7 arrows and a quarterstaff.
Casting: Conjure Flame
Confirm with . or Enter, or press ? or * to list all spells.
You don't have enough magic to cast that spell.
Casting: Conjure Flame
Confirm with . or Enter, or press ? or * to list all spells.
Aiming: Flame Tongue
Press: ? - help, Shift-Dir - straight line, f - kobold
Aim: a kobold, wielding a club (inner flame)
The flame tongue hits the kobold.
The kobold explodes!
The fiery explosion engulfs you!
Ouch! That really hurt!
You die...

.#..... ###.#.......
#........... #...........
#........... #..........)
#...§......(..
.######..§§.........#######
.....g'((§@§..............#
#######...(######.........#
#(...............†...
#####...#######.........#
.............>#†........#
#####...#######.........#
........# #.<.(.(...#
######..# #.......(.# #.†#
##+###.####


You could see a hobgoblin.

Vanquished Creatures
  An adder (D:2)
  An ooze (D:1)
  A worm (D:2)
  A ball python (D:1)
  7 bats
  2 giant cockroaches
  3 goblins
  3 hobgoblins
  6 kobolds
  A quokka (D:2)
  3 frilled lizards
  6 rats (D:1)
35 creatures vanquished.

Vanquished Creatures (others)
  4 toadstools (D:1)
4 creatures vanquished.

Grand Total: 39 creatures vanquished

Notes
Turn   | Place    | Note
-------+----------+-------------------------------------------
     0 | D:1      | Hercules1031 the Deep Elf Fire Elementalist began the quest for the Orb.
     0 | D:1      | Reached XP level 1. HP: 10/10 MP: 6/6
    44 | D:1      | Reached XP level 2. HP: 7/15 MP: 2/8
   219 | D:1      | Learned a level 2 spell: Throw Flame
   329 | D:1      | Learned a level 2 spell: Throw Flame
   624 | D:2      | Found a shadowy altar of Dithmenos.
   625 | D:2      | Reached XP level 3. HP: 17/19 MP: 3/10
   670 | D:2      | Reached skill level 4 in Spellcasting
  1229 | D:2      | Learned a level 3 spell: Conjure Flame
  1233 | D:2      | Learned a level 3 spell: Inner Flame
  1277 | D:2      | Killed from afar by a kobold

Skill      XL: |  1  2  3 |
---------------+----------+-----
Dodging        | 3 |  3.0
Spellcasting   | 4 |  4.1
Conjurations   | 2 |  2.0
Stealth        | |  2.4
Fire Magic     | |  3.7

Action                   || total
-------------------------++-------
Melee: Unarmed           ||    38
       Hand axe          ||    20
 Cast: Flame Tongue      ||    44
       Throw Flame       ||     8
       Inner Flame       ||     2
       Conjure Flame     ||     1
  Use: Scroll            ||     7
  Eat: Ration            ||     1
Armor: Robe              ||     5
       Leather armour    ||    23
Dodge: Dodged            ||    73
